ITL
INDIANA HOUNDS @ PORTLAND PRIVATEERS
08/23/2027
 
TOP OF THE 1ST
Indiana Hounds batting - Pitching for Portland Privateers : LHP Wilbert Cooper
Pitching: LHP Wilbert Cooper
Batting: LHB David Cháves 0-0: Foul Ball, location: 2F
0-1: Ball
1-1: Fly out, F8 (Flyball, 89M)
Batting: RHB Carlos Moya 0-0: Foul Ball, location: 2F
0-1: Swinging Strike
0-2: Ball
1-2: Ball
2-2: Ball
3-2: Foul Ball, location: 2F
3-2: Foul Ball, location: 2F
3-2: Base on Balls
Batting: RHB Danny Walker 0-0: Called Strike
0-1: Ground out 4-3 (Groundball, 4S)
Carlos Moya to second
Batting: RHB Vicente Valentín 0-0: Called Strike
0-1: Called Strike
0-2: Ball
1-2: Ball
2-2: 2-RUN HOME RUN (Flyball, 7D), Distance : 364 ft
Batting: SHB Charles Alexander 0-0: Swinging Strike
0-1: Swinging Strike
0-2: Ball
1-2: Ball
2-2: Foul Ball, location: 2F
2-2: Ground out 5-3 (Groundball, 56S)
Top of the 1st over - 2 run(s), 1 hit(s), 0 error(s), 0 left on base; Indiana 2 - Portland 0
BOTTOM OF THE 1ST
Portland Privateers batting - Pitching for Indiana Hounds : LHP Tatsui Tanaka
Pitching: LHP Tatsui Tanaka
Batting: SHB Patrick Larson 0-0: Ball
1-0: Ball
2-0: Ball
3-0: Base on Balls
Batting: RHB Carlos Castro 0-0: Foul Ball, location: 2F
0-1: Swinging Strike
0-2: Strikes out swinging
Batting: RHB Luther Stoffels 0-0: Called Strike
0-1: Ball
1-1: Called Strike
1-2: Foul Ball, location: 2F
1-2: Ball
Wild Pitch!
Patrick Larson to second
2-2: Foul Ball, location: 2F
2-2: Fly out, F8 (Flyball, 89S)
Batting: RHB Anastasio Villa 0-0: Called Strike
0-1: Ball
1-1: Foul Ball, location: 2F
1-2: Foul Ball, location: 2F
1-2: Ball
2-2: Ball
3-2: Foul Ball, location: 2F
3-2: Foul Ball, location: 2F
3-2: Foul Ball, location: 2F
3-2: Base on Balls
Batting: RHB Troy Lau 0-0: Fly out, F9 (Flyball, 9S)
Bottom of the 1st over - 0 run(s), 0 hit(s), 0 error(s), 2 left on base; Indiana 2 - Portland 0
TOP OF THE 2ND
Indiana Hounds batting - Pitching for Portland Privateers : LHP Wilbert Cooper
Batting: RHB Domingo Romero 0-0: Called Strike
0-1: Ball
1-1: Called Strike
1-2: Strikes out looking
Batting: LHB Denny Poole 0-0: Foul Ball, location: 2F
0-1: Ball
1-1: Foul Ball, location: 2F
1-2: Ground out 3-1 (Groundball, 34S)
Batting: RHB Juan Brito 0-0: Foul Ball, location: 2F
0-1: Called Strike
0-2: Ball
1-2: Foul Ball, location: 2F
1-2: Ground out 4-3 (Groundball, 34)
Top of the 2nd over - 0 run(s), 0 hit(s), 0 error(s), 0 left on base; Indiana 2 - Portland 0
BOTTOM OF THE 2ND
Portland Privateers batting - Pitching for Indiana Hounds : LHP Tatsui Tanaka
Batting: LHB Jeff Dorney 0-0: Ball
1-0: Called Strike
1-1: Ball
2-1: SINGLE (Groundball, 56D)
Batting: LHB Dillon Beck 0-0: Ball
1-0: Foul Ball, location: 2F
1-1: Called Strike
1-2: Strikes out swinging
Batting: LHB Yasuhiko Onodera 0-0: Swinging Strike
0-1: Called Strike
0-2: Fielders Choice at 2nd, 1-4 (Groundball, 15S)
Batting: RHB Joe Bailey 0-0: Called Strike
0-1: DOUBLE (Line Drive, 78D)
Yasuhiko Onodera to third
Batting: SHB Patrick Larson 0-0: Ball
1-0: Ball
2-0: Ball
3-0: Base on Balls
Batting: RHB Carlos Castro 0-0: Called Strike
0-1: Foul Ball, location: 2F
0-2: Foul Ball, location: 2F
0-2: DOUBLE (Line Drive, 7D)
Yasuhiko Onodera scores
Joe Bailey scores
Patrick Larson to third
Runner from 3rd tries for Home, SAFE, no throw
Batting: RHB Luther Stoffels 0-0: Ball
1-0: Ball
2-0: Ground out 6-3 (Groundball, 6)
Bottom of the 2nd over - 3 run(s), 3 hit(s), 0 error(s), 1 left on base; Indiana 2 - Portland 3
TOP OF THE 3RD
Indiana Hounds batting - Pitching for Portland Privateers : LHP Wilbert Cooper
Batting: RHB Howard Daniel 0-0: SINGLE (Flyball, 9LS)
Batting: LHB David Cháves 0-0: Foul Ball, location: 2F
0-1: Called Strike
0-2: Ball
1-2: SINGLE (Line Drive, 89M)
Howard Daniel to second
Batting: RHB Carlos Moya 0-0: Swinging Strike
0-1: Ball
1-1: Ball
2-1: Ball
3-1: Foul Ball, location: 2F
3-2: Strikes out looking
Batting: RHB Danny Walker 0-0: Ball
1-0: Foul Ball, location: 2F
1-1: Foul Ball, location: 2F
1-2: Ball
2-2: Strikes out swinging
Batting: RHB Vicente Valentín 0-0: Ground out U3 (Groundball, 34)
Top of the 3rd over - 0 run(s), 2 hit(s), 0 error(s), 2 left on base; Indiana 2 - Portland 3
BOTTOM OF THE 3RD
Portland Privateers batting - Pitching for Indiana Hounds : LHP Tatsui Tanaka
Batting: RHB Anastasio Villa 0-0: Ball
1-0: Swinging Strike
1-1: Ball
2-1: Ground out 4-3 (Groundball, 4)
Batting: RHB Troy Lau 0-0: Called Strike
0-1: Called Strike
0-2: Strikes out looking
Batting: LHB Jeff Dorney 0-0: Ball
1-0: DOUBLE (Line Drive, 5D)
Batting: LHB Dillon Beck 0-0: Swinging Strike
0-1: Called Strike
0-2: Strikes out swinging
Bottom of the 3rd over - 0 run(s), 1 hit(s), 0 error(s), 1 left on base; Indiana 2 - Portland 3
TOP OF THE 4TH
Indiana Hounds batting - Pitching for Portland Privateers : LHP Wilbert Cooper
Batting: SHB Charles Alexander 0-0: Ball
1-0: Ball
2-0: Ball
3-0: Called Strike
3-1: Called Strike
3-2: SOLO HOME RUN (Flyball, 7LD), Distance : 329 ft
Batting: RHB Domingo Romero 0-0: Foul Ball, location: 2F
0-1: Swinging Strike
0-2: Strikes out looking
Batting: LHB Denny Poole 0-0: Called Strike
0-1: Called Strike
0-2: Ball
1-2: Fly out, F5 (Popup, 5L)
Batting: RHB Juan Brito 0-0: SINGLE (Flyball, 89S)
Batting: RHB Howard Daniel 0-0: Foul Ball, location: 2F
0-1: SINGLE (Flyball, 89S)
Juan Brito to second
Runner from 2nd tries for 3rd, OUT!
Top of the 4th over - 1 run(s), 3 hit(s), 0 error(s), 1 left on base; Indiana 3 - Portland 3
BOTTOM OF THE 4TH
Portland Privateers batting - Pitching for Indiana Hounds : LHP Tatsui Tanaka
Batting: LHB Yasuhiko Onodera 0-0: Called Strike
0-1: Ball
1-1: Ball
2-1: Foul Ball, location: 2F
2-2: Foul Ball, location: 2F
2-2: Foul Ball, location: 2F
2-2: SOLO HOME RUN (Flyball, 9D), Distance : 385 ft
Pitching: RHP Teddy Mathews
Batting: RHB Joe Bailey 0-0: Ball
1-0: TRIPLE (Flyball, 89D)
Batting: SHB Patrick Larson 0-0: Swinging Strike
0-1: Fly out, F7 (Flyball, 7S)
Batting: RHB Carlos Castro 0-0: Called Strike
0-1: Ball
1-1: Swinging Strike
1-2: Foul Ball, location: 2F
1-2: Foul Ball, location: 2F
1-2: Ball
2-2: Ball
3-2: Base on Balls
Batting: RHB Luther Stoffels 0-0: Ball
1-0: Called Strike
1-1: Fielders Choice at 2nd, 4-6 (Groundball, 4M)
Joe Bailey scores
Batting: RHB Anastasio Villa 0-0: Called Strike
0-1: Called Strike
0-2: Ball
1-2: Strikes out swinging
Bottom of the 4th over - 2 run(s), 2 hit(s), 0 error(s), 1 left on base; Indiana 3 - Portland 5
TOP OF THE 5TH
Indiana Hounds batting - Pitching for Portland Privateers : LHP Wilbert Cooper
Batting: LHB David Cháves 0-0: Ball
1-0: Foul Ball, location: 2F
1-1: Foul Ball, location: 2F
1-2: Foul Ball, location: 2F
1-2: Ball
2-2: Ball
3-2: Ground out 4-3 (Groundball, 4)
Batting: RHB Carlos Moya 0-0: Foul Ball, location: 2F
0-1: TRIPLE (Flyball, 78XD)
Pitching: RHP Ricardo Ontiveros
Batting: RHB Danny Walker 0-0: Called Strike
0-1: Ball
1-1: Fly out, F8 (Flyball, 8RM)
Runner from 3rd tags up, SCORES, no throw
Batting: RHB Vicente Valentín 0-0: Called Strike
0-1: Ball
1-1: Ball
2-1: Swinging Strike
2-2: Strikes out swinging
Top of the 5th over - 1 run(s), 1 hit(s), 0 error(s), 0 left on base; Indiana 4 - Portland 5
BOTTOM OF THE 5TH
Portland Privateers batting - Pitching for Indiana Hounds : RHP Teddy Mathews
Batting: RHB Troy Lau 0-0: Called Strike
0-1: Swinging Strike
0-2: Ball
1-2: Ball
2-2: DOUBLE (Line Drive, 78D)
Batting: LHB Jeff Dorney 0-0: Called Strike
0-1: Foul Ball, location: 2F
0-2: Ball
1-2: 2-RUN HOME RUN (Flyball, 9D), Distance : 362 ft
Pitching: RHP Barry Mitchell
Batting: LHB Dillon Beck 0-0: Ball
1-0: Ball
2-0: Called Strike
2-1: Ball
3-1: Ground out 3-1 (Groundball, 34)
Batting: LHB Yasuhiko Onodera 0-0: Swinging Strike
0-1: Ball
1-1: Fly out, F9 (Flyball, 9D)
Batting: RHB Joe Bailey 0-0: Foul Ball, location: 2F
0-1: Ball
1-1: Foul Ball, location: 2F
1-2: Ball
2-2: Strikes out swinging
Bottom of the 5th over - 2 run(s), 2 hit(s), 0 error(s), 0 left on base; Indiana 4 - Portland 7
TOP OF THE 6TH
Indiana Hounds batting - Pitching for Portland Privateers : RHP Ricardo Ontiveros
Batting: SHB Charles Alexander 0-0: Ball
1-0: Called Strike
1-1: Called Strike
1-2: Foul Ball, location: 2F
1-2: Ball
2-2: Ball
3-2: Base on Balls
Batting: RHB Domingo Romero 0-0: Called Strike
Charles Alexander steals 2nd base
0-1: Ball
1-1: Foul Ball, location: 2F
1-2: Ground out 5-3 (Groundball, 5L)
Batting: LHB Denny Poole 0-0: Ball
1-0: Called Strike
1-1: Foul Ball, location: 2F
1-2: Ball
2-2: Foul Ball, location: 2F
2-2: Ball
3-2: SINGLE (Groundball, 34D)
Charles Alexander to third
Runner from 3rd tries for Home, SAFE, no throw
Batting: RHB Juan Brito 0-0: Ball
1-0: Called Strike
1-1: Foul Ball, location: 2F
1-2: Strikes out looking
Batting: RHB Howard Daniel 0-0: Swinging Strike
0-1: Swinging Strike
0-2: Foul Ball, location: 2F
0-2: Ball
1-2: Foul Ball, location: 2F
1-2: Strikes out looking
Top of the 6th over - 1 run(s), 1 hit(s), 0 error(s), 1 left on base; Indiana 5 - Portland 7
BOTTOM OF THE 6TH
Portland Privateers batting - Pitching for Indiana Hounds : RHP Barry Mitchell
Batting: SHB Patrick Larson 0-0: Ball
1-0: Ground out 6-3 (Groundball, 6)
Batting: RHB Carlos Castro 0-0: Ball
1-0: Ball
2-0: Foul Ball, location: 2F
2-1: Ground out 5-3 (Groundball, 56S)
Batting: RHB Luther Stoffels 0-0: Ball
1-0: Called Strike
1-1: Ground out 6-3 (Groundball, 56)
Bottom of the 6th over - 0 run(s), 0 hit(s), 0 error(s), 0 left on base; Indiana 5 - Portland 7
TOP OF THE 7TH
Indiana Hounds batting - Pitching for Portland Privateers : RHP Ricardo Ontiveros
Pitching: LHP Luke Brown
Batting: LHB David Cháves 0-0: Called Strike
0-1: Fly out, F9 (Flyball, 9)
Batting: RHB Carlos Moya 0-0: Ball
1-0: SINGLE (Groundball, 56D)
Batting: RHB Danny Walker 0-0: Ball
1-0: Ball
2-0: Foul Ball, location: 2F
2-1: Ball
3-1: Called Strike
3-2: Fly out, F8 (Flyball, 89S)
Batting: RHB Vicente Valentín 0-0: Called Strike
0-1: Swinging Strike
0-2: Ball
Carlos Moya steals 2nd base
1-2: Ball
2-2: Ball
3-2: Foul Ball, location: 2F
3-2: Foul Ball, location: 2F
3-2: Base on Balls
Pinch Hitting: RHB Paco Castillo 0-0: Fly out, F9 (Flyball, 9LS)
Top of the 7th over - 0 run(s), 1 hit(s), 0 error(s), 2 left on base; Indiana 5 - Portland 7
BOTTOM OF THE 7TH
Portland Privateers batting - Pitching for Indiana Hounds : RHP Barry Mitchell
Now at SS: Octávio Marín
Batting: RHB Anastasio Villa 0-0: Ball
1-0: Foul Ball, location: 2F
1-1: Swinging Strike
1-2: Fly out, F9 (Flyball, 9LM)
Batting: RHB Troy Lau 0-0: Ball
1-0: Ball
2-0: Called Strike
2-1: Foul Ball, location: 2F
2-2: Foul Ball, location: 2F
2-2: Fly out, F7 (Line Drive, 7)
Batting: LHB Jeff Dorney 0-0: Called Strike
0-1: Swinging Strike
0-2: Ball
1-2: Foul Ball, location: 2F
1-2: DOUBLE (Line Drive, 78XD)
Batting: LHB Dillon Beck 0-0: Ball
1-0: Fly out, F8 (Flyball, 89D)
Bottom of the 7th over - 0 run(s), 1 hit(s), 0 error(s), 1 left on base; Indiana 5 - Portland 7
TOP OF THE 8TH
Indiana Hounds batting - Pitching for Portland Privateers : LHP Luke Brown
Batting: RHB Domingo Romero 0-0: Ball
1-0: Ground out 4-3 (Groundball, 4)
Batting: LHB Denny Poole 0-0: Foul Ball, location: 2F
0-1: Foul Ball, location: 2F
0-2: Ball
1-2: Ball
2-2: Ball
3-2: Base on Balls
Pitching: RHP Cade Baird
Batting: RHB Juan Brito 0-0: Grounds into double play, 6-4-3 (Groundball, 6)
Top of the 8th over - 0 run(s), 0 hit(s), 0 error(s), 0 left on base; Indiana 5 - Portland 7
BOTTOM OF THE 8TH
Portland Privateers batting - Pitching for Indiana Hounds : RHP Barry Mitchell
Pitching: RHP Enrique Gómez
Batting: LHB Yasuhiko Onodera 0-0: Ball
1-0: Ball
2-0: Called Strike
2-1: Ball
3-1: Swinging Strike
3-2: Foul Ball, location: 2F
3-2: Foul Ball, location: 2F
3-2: Base on Balls
Batting: RHB Joe Bailey 0-0: Sac Bunt - play at first, batter OUT! 1-3
Yasuhiko Onodera to second
Batting: SHB Patrick Larson 0-0: Ball
1-0: Called Strike
1-1: Ground out 1-3 (Groundball, P)
Yasuhiko Onodera to third
Batting: RHB Carlos Castro 0-0: Called Strike
0-1: Called Strike
0-2: Ball
Passed Ball!
Yasuhiko Onodera scores
1-2: Ball
2-2: Strikes out swinging
Bottom of the 8th over - 1 run(s), 0 hit(s), 0 error(s), 0 left on base; Indiana 5 - Portland 8
TOP OF THE 9TH
Indiana Hounds batting - Pitching for Portland Privateers : RHP Cade Baird
Pitching: RHP Neal Dillard
Batting: RHB Howard Daniel 0-0: Called Strike
0-1: Swinging Strike
0-2: Ball
1-2: Ball
2-2: Foul Ball, location: 2F
2-2: Ground out U3 (Groundball, 3)
Batting: LHB David Cháves 0-0: Ball
1-0: Fly out, F7 (Flyball, 7S)
Batting: RHB Carlos Moya 0-0: Foul Ball, location: 2F
0-1: Ball
1-1: Ball
2-1: Foul Ball, location: 2F
2-2: Strikes out swinging
Top of the 9th over - 0 run(s), 0 hit(s), 0 error(s), 0 left on base; Indiana 5 - Portland 8
Thursday, March 30th, 2017 - OOTP Baseball 17.12 Build 75